 Dungeon Crawl Stone Soup version 0.30-a0-292-g0f741e3f8e (webtiles) character file.

Game seed: 15617451018467025802

469 Iusername the Covered (level 6, -9/56 HPs)
             Began as a Minotaur Fighter on Oct 17, 2022.
             Was a Follower of Qazlal.
             Mangled by Blork the orc
             ... wielding a +0 glaive
              (14 damage)
             ... on level 4 of the Dungeon.
             The game lasted 00:04:27 (3219 turns).

Iusername the Covered (Minotaur Fighter)            Turns: 3219, Time: 00:04:27

Health: -9/56      AC:  9    Str: 22    XL:     6   Next: 82%
Magic:  5/5        EV:  9    Int:  5    God:    Qazlal [*.....]
Gold:   162        SH:  6    Dex: 10    Spells: 5/5 levels left

rFire   . . .      SeeInvis .    a - +0 long sword
rCold   . . .      Faith    .    c - +0 buckler
rNeg    . . .      Spirit   .    b - +1 scale mail
rPois   .          Reflect  .    (helmet restricted)
rElec   .          Harm     .    (no cloak)
rCorr   .          Rampage  .    (no gloves)
Will    .....                    q - +0 pair of boots
Stlth   ..........               (no amulet)
HPRegen 0.29/turn                (no ring)
MPRegen 0.09/turn                (no ring)

@: mighty
A: horns 2, retaliatory headbutt
a: Renounce Religion


You were on level 4 of the Dungeon.
You worshipped Qazlal.
Qazlal was aware of your devotion.
You visited 1 branch of the dungeon, and saw 4 of its levels.

You collected 162 gold pieces.

Inventory:

Hand Weapons
 a - a +0 long sword (weapon)
Armour
 b - a +1 scale mail (worn)
 c - a +0 buckler (worn)
 q - a +0 pair of boots (worn)
Jewellery
 h - a ring of wizardry
 r - an amulet of the acrobat
 t - a ring of protection from cold
Wands
 n - a wand of flame (11)
Scrolls
 e - a scroll of amnesia {unknown}
 i - a scroll of vulnerability
 m - a scroll of teleportation
 o - a scroll of noise
 s - a scroll of blinking {unknown}
Potions
 f - 2 potions of heal wounds {unknown}
 g - a potion of attraction {unknown}
 j - 2 potions of brilliance {unknown}
 k - 2 potions of curing {unknown}
 l - a potion of lignification {unknown}


   Skills:
 + Level 5.5 Fighting
 + Level 4.9 Long Blades
 + Level 5.6 Armour
 + Level 5.6 Shields


You had 5 spell levels left.
You didn't know any spells.
Your spell library contained the following spells:

 Spells                   Type           Power      Damage    Failure   Level
 Blink                    Tloc           0%         N/A       95%         2
 Scorch                   Fire           0%         2d5       95%         2
 Dazzling Flash           Conj/Hex       0%         N/A       99%         3
 Flame Wave               Conj/Fire      0%         2d4       100%        4
 Manifold Assault         Tloc           0%         N/A       100%        4
 Agony                    Necr           0%         N/A       100%        5
 Silence                  Hex/Air        0%         N/A       100%        5
 Summon Cactus Giant      Summ           0%         N/A       100%        6
 Storm Form               Tmut/Air       0%         N/A       100%        7


Dungeon Overview and Level Annotations

Branches:
Dungeon (4/15)
 Temple: D:4-7

Altars:
Qazlal
Ru
Uskayaw
Vehumet

Shops:
D:4 :

Annotations:
D:4 Blork the orc


Innate Abilities, Weirdness & Mutations

You have a pair of horns on your head.
You reflexively headbutt those who attack you in melee.


Message History

Blork the orc is nearby!
You barely miss Blork the orc.
Blork the orc drinks a potion.
Blork the orc seems to grow stronger.
Blork the orc is nearby!
You barely miss Blork the orc. You headbutt Blork the orc.
Blork the orc is moderately wounded.
Blork the orc casts a spell.
Blork the orc seems to speed up.
Blork the orc is nearby!
You barely miss Blork the orc. You headbutt Blork the orc.
Blork the orc is moderately wounded.
Blork the orc points at you and mumbles some strange words.
The magic dart hits you.
Blork the orc hits you with a +0 glaive!
Blork the orc is nearby!
Blork the orc is nearby!
You slash Blork the orc! You headbutt Blork the orc.
Blork the orc is severely wounded.
You block Blork the orc's attack. Blork the orc closely misses you.
Blork the orc is nearby!
You hit Blork the orc. Your headbutt misses Blork the orc.
Blork the orc is severely wounded.
Blork the orc hits you with a +0 glaive!!
Blork the orc is nearby!
You are too injured to fight recklessly!
Blork the orc is nearby!
You are too injured to fight recklessly!
Blork the orc is nearby!
You are too injured to fight recklessly!
You hit Blork the orc.
Blork the orc is almost dead.
Blork the orc barely misses you. x2
You closely miss Blork the orc. Your headbutt misses Blork the orc.
Blork the orc is almost dead.
You block Blork the orc's attack.
Blork the orc hits you with a +0 glaive!
* * * LOW HITPOINT WARNING * * *
You feel very mighty all of a sudden.
Blork the orc hits you with a +0 glaive!
You die...

##...##...##...
###....###....#.........
..............#.##.#####
.............#.##)# #
.##.......###'#'##.## #
....................####
#.....................
#...o...............##
#....@......#'####...#
#........####.# ##..#
+........'....# #..#
#........###### ####
.......#+## # .######.#
# #.# #.#


You could see Blork the orc (fast, strong).

Vanquished Creatures
  Sigmund (D:2)
  Eustachio (D:4)
  Terence (D:2)
  An orc wizard (D:3)
  5 adders
  2 worms (D:2)
  2 dart slugs
  3 orcs (D:3)
  5 ball pythons
  7 endoplasms
  2 giant cockroaches
  6 goblins
  5 hobgoblins
  4 jackals (D:2)
  3 quokkas
  4 bats
  4 frilled lizards
  9 kobolds
  4 rats
69 creatures vanquished.

Notes
Turn   | Place    | Note
-------+----------+-------------------------------------------
     0 | D:1      | Iusername the Minotaur Fighter began the quest for the Orb.
     0 | D:1      | Reached XP level 1. HP: 19/19 MP: 0/0
   122 | D:1      | Reached XP level 2. HP: 26/27 MP: 1/1
   953 | D:2      | Noticed Terence
   963 | D:2      | Killed Terence
   964 | D:2      | Reached XP level 3. HP: 22/33 MP: 2/2
  1112 | D:2      | You fall into a shaft and drop 2 floors!
  1134 | D:3      | Found a stormy altar of Qazlal.
  1156 | D:3      | Became a worshipper of Qazlal Stormbringer
  1321 | D:2      | Reached XP level 4. HP: 40/40 MP: 3/3
  1454 | D:2      | Noticed Sigmund
  1461 | D:2      | Killed Sigmund
  1462 | D:2      | Reached skill level 5 in Fighting
  1462 | D:2      | Reached skill level 5 in Armour
  1462 | D:2      | Reached skill level 5 in Shields
  1462 | D:2      | Reached XP level 5. HP: 40/48 MP: 4/4
  2122 | D:3      | Reached XP level 6. HP: 41/56 MP: 5/5
  2471 | D:3      | Reached * piety under Qazlal
  2575 | D:3      | Found a hide-covered altar of Uskayaw.
  2823 | D:4      | Found Foas's Book Emporium.
  2892 | D:4      | Found a radiant altar of Vehumet.
  2895 | D:4      | Found a sacrificial altar of Ru.
  2939 | D:4      | Noticed Eustachio
  2948 | D:4      | Killed Eustachio
  3207 | D:4      | Noticed Blork the orc
  3219 | D:4      | Mangled by Blork the orc

Illustrated notes

Levels and vault maps discovered:
D:1:      dpeg_arrival_arbitrary_b, layout_basic
D:2:      layout_basic, minmay_misc_feat_rows, uniq_terence, uniq_sigmund
D:3:      layout_basic, grunt_qazlal_clouds, lemuel_tele_altar
D:4:      layout_basic, lemuel_crystal_altar, vehumet_altar_wand_db,
          gammafunk_ghost_abyssal_escape, minmay_shop_grid_forest,
          grunt_ministairs_11, uniq_eustachio, uniq_blork_the_orc

Skill      XL: |  1  2  3  4 |
---------------+-------------+-----
Fighting       | 4 5 |  5.5
Shields        | 4 5 |  5.6
Long Blades    | 3 4 |  4.9
Armour         | 4 5 |  5.6

Action                   |  1- 3 |  4- 6 || total
-------------------------+-------+-------++-------
Melee: Long sword        |    56 |    93 ||   149
       Headbutt          |     8 |    14 ||    22
Throw: Boomerang         |    36 |     8 ||    44
  Use: Scroll            |       |     6 ||     6
       Potion            |       |     2 ||     2
Armor: Scale mail        |    34 |    36 ||    70
Dodge: Dodged            |    26 |    38 ||    64
Block: Buckler           |    12 |    26 ||    38

Table legend: (Time is in decaauts)
 A = Elapsed time spent in this place.
 B = Non-inter-level travel time spent in this place.
 C = Inter-level travel time spent in this place.
 D = Time resting spent in this place.
 E = Time spent auto-exploring this place.
 F = Levels seen in this place.
 G = Mean time per level.
                   A        B        C        D        E       F      G
               +--------+--------+--------+--------+--------+-----+--------+
         Total |   3269 |   3180 |     89 |    393 |   2182 |   4 |  817.2 |
       Dungeon |   3269 |   3180 |     89 |    393 |   2182 |   4 |  817.2 |
               +--------+--------+--------+--------+--------+-----+--------+

Top non-repeatable levels by time:
     D:2: 1090 daAuts
     D:1: 972 daAuts
     D:3: 774 daAuts
     D:4: 432 daAuts
